 Dungeon Crawl Stone Soup version 0.29-a0-837-g174bc33265 (webtiles) character file.

Game seed: 16728515678836594593

4667 Conn the Arsonist (level 10, -17/59 HPs)
             Began as an Octopode Fire Elementalist on July 13, 2022.
             Was a Priest of Sif Muna.
             Demolished by a komodo dragon (23 damage)
             ... on level 1 of the Lair of Beasts.
             The game lasted 00:36:22 (10632 turns).

Conn the Arsonist (Octopode Fire Elementalist)     Turns: 10632, Time: 00:36:23

Health: -17/59     AC:  1    Str: 17    XL:     10   Next: 44%
Magic:  10/21      EV: 14    Int: 20    God:    Sif Muna [***...]
Gold:   499        SH:  0    Dex: 13    Spells: 2/24 levels left

rFire   . . .      SeeInvis +   u - +3 short sword (venom)
rCold   . . .      Faith    +   (no shield)
rNeg    + . .      Spirit   .   (helmet restricted)
rPois   +          Reflect  .   A - amulet of faith
rElec   .          Harm     .   q - ring of Eliadiudo {rN+ Str+10 Int-2 SInv}
rCorr   .          Rampage  .   E - ring of poison resistance
Will    .....                   B - ring of flight
Stlth   ++++......              (no ring)
HPRegen 0.19/turn               (no ring)
MPRegen 0.17/turn               (no ring)
                                (no ring)
                                (no ring)

@: on blink cooldown, flying
A: almost no armour, amphibious, 8 rings, camouflage 1, gelatinous body 1,
(nimble swimmer 1), tentacles
a: Renounce Religion, Channel Magic, Forget Spell


You were on level 1 of the Lair of Beasts.
You worshipped Sif Muna.
Sif Muna was most pleased with you.
You visited 3 branches of the dungeon, and saw 10 of its levels.
You also visited: Sewer.

You collected 499 gold pieces.

Inventory:

Hand Weapons
 c - a +0 dagger
 g - a +0 dagger of venom
 u - a +3 short sword of venom (weapon)
 x - the +1 flail of Noomets {distort, rF- rN+++ Will+ Int+4}
   (You took it off a centaur on level 6 of the Dungeon)

   It warps and distorts space around it, and may blink, banish, or inflict
   extra damage upon those it strikes.
   Unwielding it can cause banishment or high damage.
   Int:       It affects your intelligence (+4).
   rF:        It makes you vulnerable to fire.
   rN:        It renders you almost immune to negative energy.
   Will:      It increases your willpower.
Missiles
 e - 9 poisoned darts
Armour
 f - a +1 buckler
Jewellery
 o - an amulet of the acrobat
 q - the ring of Eliadiudo (left tentacle) {rN+ Str+10 Int-2 SInv}
   (You acquired it on level 4 of the Dungeon)

   [ring of see invisible]

   Str:       It affects your strength (+10).
   Int:       It affects your intelligence (-2).
   rN:        It protects you from negative energy.
   SInv:      It lets you see invisible.
 A - an amulet of faith (around mantle)
 B - a ring of flight (on tentacle)
 E - a ring of poison resistance (right tentacle)
Wands
 h - a wand of flame (20)
 m - a wand of mindburst (17)
 v - a wand of quicksilver (18)
Scrolls
 b - 3 scrolls of poison
 d - a scroll of fear
 k - 6 scrolls of teleportation
 l - 3 scrolls of magic mapping
 n - a scroll of enchant weapon
 s - a scroll of amnesia {unknown}
 y - a scroll of summoning {unknown}
 C - 2 scrolls of blinking
 D - 2 scrolls of immolation
 F - a scroll of fog {unknown}
Potions
 a - 2 potions of magic
 i - 2 potions of brilliance
 j - a potion of mutation
 p - 4 potions of attraction
 r - a potion of haste
 t - a potion of resistance
 w - a potion of ambrosia
 z - 3 potions of curing


   Skills:
 + Level 1.4 Fighting
 + Level 1.2 Short Blades
 + Level 3.3 Dodging
 + Level 5.2 Stealth
 + Level 7.7 Spellcasting
 + Level 4.3 Conjurations
 * Level 4.5 Summonings
 + Level 3.7 Translocations
 + Level 8.4 Fire Magic
 * Level 4.3 Invocations


You had 2 spell levels left.
You knew the following spells:

 Your Spells              Type           Power      Damage    Failure   Level
a - Foxfire               Conj/Fire      100%       2x1d9     1%          1
b - Conjure Flame         Conj/Fire      33%        6-21      1%          3
c - Inner Flame           Hex/Fire       24%        N/A       4%          3
d - Flame Wave            Conj/Fire      33%        2d8       6%          4
e - Scorch                Fire           82%        2d9       1%          2
f - Blink                 Tloc           44%        N/A       2%          2
g - Ignite Poison         Fire/Tmut/Pois 18%        N/A       9%          3
h - Summon Small Mammal   Summ           100%       N/A       1%          1
i - Summon Guardian Gole  Hex/Summ       16%        N/A       11%         3

Your spell library contained the following spells:

 Spells                   Type           Power      Damage    Failure   Level
 Apportation              Tloc           44%        N/A       1%          1
 Ensorcelled Hibernation  Hex/Ice        14%        N/A       13%         2
 Passwall                 Tmut/Erth      5%         N/A       13%         2
 Call Canine Familiar     Summ           25%        N/A       4%          3
 Gell's Gravitas          Tloc           22%        N/A       5%          3
 Lesser Beckoning         Tloc           22%        N/A       5%          3
 Teleport Other           Tloc           22%        N/A       5%          3
 Confusing Touch          Hex            7%         N/A       26%         3
 Swiftness                Air            7%         N/A       26%         3
 Summon Lightning Spire   Summ/Air       16%        N/A       34%         4
 Summon Forest            Summ/Tloc      12%        N/A       41%         5
 Manifold Assault         Tloc           22%        N/A       45%         5
 Airstrike                Air            3%         0-2+      65%         4
 Corpse Rot               Necr/Pois/Air  7%         N/A       65%         4
 Lightning Bolt           Conj/Air       8%         1d20      71%         5
 Alistair's Intoxication  Tmut/Pois      4%         N/A       94%         5
 Yara's Violent Unravell  Hex/Tmut       3%         3d4       94%         5
 Enfeeble                 Hex            3%         N/A       100%        7
 Orb of Destruction       Conj           12%        9d7       100%        7
 Spellforged Servitor     Conj/Summ      12%        N/A       100%        7
 Storm Form               Tmut/Air       3%         N/A       100%        7
 Disjunction              Tloc           11%        N/A       100%        8


Dungeon Overview and Level Annotations

Branches:
Dungeon (8/15)             Temple (1/1) D:6            Lair (1/6) D:8
  Sewer (visited)

Altars:
Ashenzari
Cheibriados
Gozag
Hepliaklqana
Kikubaaqudgha
Makhleb
Nemelex Xobeh
Qazlal
Ru
Sif Muna
Uskayaw
Vehumet
Xom
Yredelemnul
Zin
The Shining One

Shops:
D:2 =   D:7 :   D:8 (

Annotations:
Temple 2 transporters


Innate Abilities, Weirdness & Mutations

You cannot wear most types of armour.
You are amphibious.
You can wear up to eight rings at the same time.
Your skin changes colour to match your surroundings (Stealth+).
Your rubbery body absorbs attacks. (AC +1, EV +1)
((You are camouflaged when in or above water. (Stealth+)))
You have tentacles for arms and can constrict up to eight enemies at once.


Message History

The foxfire hits the komodo dragon but does no damage.
Unknown command.
Casting: Foxfire (safe; 1% risk of failure)
Confirm with . or Enter, or press ? or * to list all spells.
You conjure some foxfire!
The foxfire hits the komodo dragon.
The komodo dragon is lightly wounded.
Unknown command.
Casting: Foxfire (safe; 1% risk of failure)
Confirm with . or Enter, or press ? or * to list all spells.
Flames lash the komodo dragon.
The komodo dragon is heavily wounded.
The komodo dragon's fire resistance burns away.
The foxfire hits the komodo dragon but does no damage.
The komodo dragon is heavily wounded.
The foxfire hits the komodo dragon but does no damage.
The komodo dragon is heavily wounded.
The foxfire hits the komodo dragon but does no damage.
The komodo dragon is heavily wounded.
Casting: Scorch (safe; 1% risk of failure)
Confirm with . or Enter, or press ? or * to list all spells.
Flames lash the komodo dragon.
The komodo dragon is burned terribly!
The komodo dragon is heavily wounded.
Unknown command.
Casting: Scorch (safe; 1% risk of failure)
Confirm with . or Enter, or press ? or * to list all spells.
Flames lash the komodo dragon but do no damage.
The komodo dragon bites you!!
Casting: Scorch (safe; 1% risk of failure)
Confirm with . or Enter, or press ? or * to list all spells.
You blink.
The komodo dragon bites you!!
* * * LOW HITPOINT WARNING * * *
Casting: Blink (safe; 2% risk of failure)
Confirm with . or Enter, or press ? or * to list all spells.
Okay, then.
Okay, then.
As you read the scroll of fear, it crumbles to dust.
You assume a fearsome visage.
The komodo dragon resists with some effort.
The komodo dragon bites you!!
You die...

. #...#.# . ......#
...#..#.....# ..
.F..#.##.....# #
.#.#............#.# P
......#.#........# #.
#.#.#...##.......#
##..#.#.#.#.##.@.....#
#...#...#.#.#.l[.#.....
#......#...#...!......
##........#......#... .
#.........#.##.......#
##..........#P...#...#
#..#.....#.##...#.#.#
##..#...#.#.##...# #..
#.....#...#.. ...P


You could see a komodo dragon (combustible).

Vanquished Creatures
  A wyvern (D:8)
  A steam dragon (D:8)
  3 wargs (D:8)
  An acid dragon (D:8)
  A water moccasin (D:6)
  3 black bears
  3 sky beasts
  2 orc warriors (D:7)
  An ice beast (D:7)
  5 centaurs
  3 necrophages
  2 scorpions
  8 bullfrogs
  7 killer bees
  A jelly (D:4)
  8 hounds
  A gnoll bouda (D:7)
  9 orc priests
  4 iguanas
  15 orc wizards
  11 gnolls
  13 adders
  2 river rats (D:6)
  A shadow imp (D:6)
  3 white imps
  An ufetubus (D:7)
  2 worms
  3 dart slugs
  44 orcs
  8 ball pythons
  3 endoplasms
  12 giant cockroaches
  7 goblins
  5 hobgoblins
  5 jackals (D:3)
  6 quokkas (Sewer)
  A bat (D:1)
  9 frilled lizards
  7 kobolds
  11 rats
233 creatures vanquished.

Vanquished Creatures (others)
  723 foxfires
  A fungus (Lair:1)
  A plant (Lair:1)
725 creatures vanquished.

Grand Total: 958 creatures vanquished

Notes
Turn   | Place    | Note
-------+----------+-------------------------------------------
     0 | D:1      | Conn the Octopode Fire Elementalist began the quest for the
                  | Orb.
     0 | D:1      | Reached XP level 1. HP: 11/11 MP: 3/3
   171 | D:1      | Found a faded altar of an unknown god.
   216 | D:1      | Reached XP level 2. HP: 11/17 MP: 0/5
  1125 | D:2      | Reached XP level 3. HP: 21/21 MP: 0/6
  1245 | D:2      | Found Beomn's Jewellery Emporium.
  1331 | D:2      | Learned a level 2 spell: Scorch
  1335 | D:2      | Learned a level 3 spell: Conjure Flame
  1817 | D:3      | Noticed a centaur
  1824 | D:3      | Killed a centaur
  1825 | D:3      | Reached skill level 4 in Fire Magic
  1825 | D:3      | Reached XP level 4. HP: 27/27 MP: 0/8
  1825 | D:3      | Reached XP level 5. HP: 31/31 MP: 0/9
  2540 | D:3      | Identified a scroll of acquirement
  2541 | D:3      | Acquired the Verses on the Viperous Wayfarer
  2547 | D:3      | Learned a level 3 spell: Inner Flame
  2589 | D:5      | Entered Level 5 of the Dungeon
  2744 | D:5      | Reached XP level 6. HP: 36/36 MP: 3/10
  3136 | D:4      | Reached XP level 7. HP: 42/42 MP: 5/12
  3270 | D:4      | Acquired the ring of Eliadiudo {rN+ Str+10 Int-2 SInv}
  3527 | D:4      | Found a basalt altar of Yredelemnul.
  3540 | D:4      | Reached skill level 5 in Fire Magic
  3875 | D:4      | Learned a level 4 spell: Flame Wave
  4509 | D:4      | Learned a level 2 spell: Blink
  4724 | D:5      | Reached skill level 1 in Translocations
  4769 | D:5      | Reached XP level 8. HP: 47/47 MP: 9/15
  5075 | D:5      | Reached skill level 5 in Spellcasting
  5081 | D:5      | Reached skill level 1 in Fighting
  5081 | D:5      | Reached skill level 6 in Fire Magic
  5480 | D:6      | Found a staircase to the Ecumenical Temple.
  5489 | Temple   | Entered the Ecumenical Temple
  5489 | Temple   | Found a transporter.
  5489 | Temple   | Found a transporter.
  5491 | Temple   | Found a transporter.
  5491 | Temple   | Found a transporter.
  5505 | Temple   | Became a worshipper of Sif Muna the Loreminder
  5673 | D:6      | Found a glowing drain.
  5679 | D:6      | Identified the +1 flail of Noomets {distort, rF- rN+++
                  | Will+ Int+4}
  5699 | Sewer    | Entered a sewer
  5921 | Sewer    | Reached * piety under Sif Muna
  6122 | Sewer    | Reached skill level 5 in Stealth
  6127 | Sewer    | Reached skill level 1 in Short Blades
  6343 | D:6      | Reached XP level 9. HP: 53/53 MP: 14/18
  6382 | D:6      | Learned a level 3 spell: Ignite Poison
  6384 | D:6      | Learned a level 1 spell: Summon Small Mammal
  7213 | D:7      | Noticed a cyan ugly thing
  7222 | D:7      | Reached skill level 1 in Summonings
  7222 | D:7      | Reached skill level 7 in Fire Magic
  7222 | D:7      | Reached skill level 1 in Invocations
  7407 | D:7      | Reached ** piety under Sif Muna
  8061 | D:7      | Found a glowing silver altar of Zin.
  8625 | D:7      | Found Keohuphush's Book Boutique.
  8897 | D:7      | Learned a level 3 spell: Summon Guardian Golem
  9034 | D:8      | Reached XP level 10. HP: 42/58 MP: 3/20
  9057 | D:8      | Reached *** piety under Sif Muna
  9451 | D:8      | Reached skill level 8 in Fire Magic
  9463 | D:8      | Found a broken altar of Ashenzari.
  9872 | D:8      | Found a staircase to the Lair.
 10176 | D:8      | Found Agaheo's Antique Weapon Shoppe.
 10584 | Lair:1   | Entered Level 1 of the Lair of Beasts
 10584 | Lair:1   | Noticed a six-headed hydra
 10584 | Lair:1   | Found the +14 obsidian axe {vorpal, Mesm Drain Fly SInv}
 10616 | Lair:1   | Noticed a cane toad
 10632 | Lair:1   | Demolished by a komodo dragon

Illustrated notes

Levels and vault maps discovered:
D:1:      kennysheep_arrival_seaside, layout_loops_ring,
          dreamdust_ecumenical_altar_angels_and_demons
D:2:      layout_rooms, serial_shops, shop
D:3:      layout_rooms
D:4:      kennysheep_spiral_hall, layout_basic,
          mainiacjoe_overflow_concentric_impassable,
          chequers_serial_rivers_small_3
D:5:      layout_basic, kennysheep_nondescript, minmay_misc_feat_room,
          minmay_holes
D:6:      layout_loops_cross, minmay_temple_entry_junction,
          portal_sewer_entry_a, st_stairs_13
D:7:      minmay_clustersquares, layout_loops_corners,
          mainiacjoe_overflow_24_doors, serial_co_window_serial,
          co_window_paths_b, co_window_paths_b, co_window_paths_a,
          co_window_paths_a, co_window_paths_a, co_window_paths_a,
          co_window_paths_a, co_window_corner_ca, co_window_2corner,
          co_window_2corner, glass_columns_b, serial_shops, shop
D:8:      layout_rooms, nicolae_ashenzari_panopticon, erik_lair_orcish_takeover,
          serial_shops, nicolae_shop_trees, kennysheep_generic_room_2
Temple:   hellmonk_temple_divided_pantheon
Lair:1:   layout_long_grid, dreamdust_deal_with_the_devil, beast_lair_carwin_11,
          grunt_megastairs_5

Skill      XL: |  1  2  3  4  5  6  7  8  9 10 |
---------------+-------------------------------+-----
Stealth        | 3 4 5 |  5.2
Fire Magic     | 4 5 6 7 8 |  8.4
Spellcasting   | 3 4 6 7 |  7.7
Conjurations   | 2 3 4 |  4.3
Translocations | 1 3 |  3.7
Dodging        | 3 |  3.3
Fighting       | 1 |  1.4
Short Blades   | 1 |  1.2
Summonings     | 3 4 |  4.5
Invocations    | 3 4 |  4.3

Action                   |  1- 3 |  4- 6 |  7- 9 | 10-12 || total
-------------------------+-------+-------+-------+-------++-------
Melee: Dagger            |    17 |    13 |     2 |       ||    32
       Unarmed           |     3 |       |       |       ||     3
       Constrict         |     5 |     4 |    13 |     3 ||    25
       Punch             |     1 |       |     1 |       ||     2
       Tentacles         |     4 |     4 |    15 |     6 ||    29
       Short sword       |       |       |    33 |    13 ||    46
 Cast: Foxfire           |    61 |    82 |   212 |    64 ||   419
       Scorch            |       |       |    66 |    24 ||    90
       Flame Wave        |       |       |     3 |       ||     3
       Conjure Flame     |       |       |     5 |       ||     5
       Inner Flame       |       |       |     2 |     1 ||     3
       Summon Small Mamm |       |       |     1 |       ||     1
       Blink             |       |       |       |     1 ||     1
Evoke: Wand              |       |       |       |     1 ||     1
  Use: Scroll            |       |     7 |     6 |     7 ||    20
       Potion            |       |       |     2 |     3 ||     5
 Stab: Sleeping          |     1 |       |     2 |     1 ||     4
Armor: Skin              |     1 |       |     3 |     1 ||     5
Dodge: Dodged            |    10 |    11 |    60 |    25 ||   106

Table legend: (Time is in decaauts)
 A = Elapsed time spent in this place.
 B = Non-inter-level travel time spent in this place.
 C = Inter-level travel time spent in this place.
 D = Time resting spent in this place.
 E = Time spent auto-exploring this place.
 F = Levels seen in this place.
 G = Mean time per level.
                   A        B        C        D        E       F      G
               +--------+--------+--------+--------+--------+-----+--------+
         Total |  10637 |  10420 |    217 |   1190 |   7012 |  11 |  967.0 |
       Dungeon |   9918 |   9702 |    216 |   1190 |   6574 |   8 | 1239.8 |
        Temple |     31 |     31 |      0 |      0 |      0 |   1 |   31.0 |
          Lair |     47 |     47 |      0 |      0 |      0 |   1 |   47.0 |
         Sewer |    639 |    639 |      0 |      0 |    438 |   1 |  639.0 |
               +--------+--------+--------+--------+--------+-----+--------+

Top non-repeatable levels by time:
     D:7: 1871 daAuts
     D:4: 1606 daAuts
     D:8: 1566 daAuts
     D:5: 1235 daAuts
     D:1: 1096 daAuts
     D:6: 1072 daAuts
     D:3: 841 daAuts
   Sewer: 639 daAuts
     D:2: 628 daAuts
  Lair:1: 47 daAuts
  Temple: 31 daAuts
